 Dungeon Crawl Stone Soup version 0.20.0-8-g6b59dc7 (webtiles) character file.

28 RKaid the Charmwright (level 3, 0/28 HPs)
             Began as a Demonspawn Skald on May 30, 2017.
             Succumbed to an adder's poison
             ... on level 2 of the Dungeon.
             The game lasted 00:02:14 (1641 turns).

RKaid the Charmwright (Demonspawn Skald)            Turns: 1641, Time: 00:02:14

Health: 0/28       AC:  3    Str: 11    XL:     3   Next: 0%
Magic:  4/6        EV: 11    Int: 15    God:
Gold:   32         SH:  0    Dex: 12    Spells: 5/6 levels left

rFire    . . .     SeeInvis .   a - +0 spear
rCold    . . .     Gourm    .   (no shield)
rNeg     . . .     Faith    .   b - +0 leather armour
rPois    .         Spirit   .   (helmet restricted)
rElec    .         Reflect  .   (no cloak)
rCorr    .         Harm     .   (no gloves)
MR       .....                  (no boots)
Stlth    +.........             (no amulet)
Regen    0.1/turn               (no ring)
MPRegen  0.1/turn               (no ring)

@: lethally poisoned (0 -> -13), about to teleport, infused (expiring)
A: antennae 1
a: no special abilities


You were on level 2 of the Dungeon.
You were not hungry.

You visited 1 branch of the dungeon, and saw 2 of its levels.

You collected 32 gold pieces.

Inventory:

Hand Weapons
 a - a +0 spear (weapon)
Armour
 b - a +0 leather armour (worn)
Jewellery
 g - an uncursed ring of fire {unknown}
   (You found it on level 1 of the Dungeon)
Scrolls
 e - a scroll of teleportation
 f - a scroll of blinking {unknown}
 i - a scroll of random uselessness {unknown}
Books
 c - a book of Battle
Comestibles
 d - a bread ration
 h - 2 chunks of flesh


   Skills:
 + Level 2.4 Fighting
 * Level 2.5 Polearms
 - Level 0.8 Armour
 - Level 1.7 Dodging
 - Level 2.0 Spellcasting
 + Level 3.0 Charms


You had 5 spell levels left.
You knew the following spells:

 Your Spells              Type           Power        Failure   Level  Hunger
a - Infusion              Chrm           ##..         9%          1    #......


Dungeon Overview and Level Annotations

Branches:
Dungeon (2/15)

Altars:


Innate Abilities, Weirdness & Mutations

You have a pair of small antennae on your head.


Message History

Okay, then.
Press: ? - help, v - describe, . - travel The floor.
Unknown command.
Unknown command.
You are starving!
You see here a ball python corpse.
You butcher the ball python corpse.
You're too hungry to rest.
Eating one of 3 chunks of flesh.
You eat one of the 3 chunks of flesh.
This raw flesh tastes terrible.
You are feeling very hungry.
Eating one of 2 chunks of flesh.
You eat one of the 2 chunks of flesh.
This raw flesh tastes terrible.
h - a chunk of flesh You see here a ball python skeleton.
Found an escape hatch in the floor.
There is an escape hatch in the floor here.
A giant cockroach comes into view.
A giant cockroach is nearby!
You see here a scroll labeled XUQOMP GIUHOA.
i - a scroll labeled XUQOMP GIUHOA Attack whom?
Press: ? - help, Dir - move target cursor, f - giant cockroach
Aim: a giant cockroach (clinging)
You reach to attack!
You barely miss the giant cockroach. You hit the giant cockroach.
The giant cockroach barely misses you.
Your leather armour prevents you from hitting the giant cockroach.
The giant cockroach bites you but does no damage.
The giant cockroach closely misses you.
You barely miss the giant cockroach. The giant cockroach barely misses you.
You hit the giant cockroach but do no damage.
The giant cockroach bites you but does no damage.
You hit the giant cockroach. The giant cockroach closely misses you.
You hit the giant cockroach.
You kill the giant cockroach!
No target in view!
e - 2 scrolls labeled ROOFETW KACA (gained 1)
You found a teleport trap!
There is a stone staircase leading up here.
You see here a ball python skeleton.
A ball python comes into view.
The ball python hisses angrily.
You closely miss the ball python. The ball python closely misses you.
The ball python grabs you. The ball python constricts you.
You hit the ball python but do no damage.
The ball python barely misses you. The ball python constricts you.
You hit the ball python.
The ball python bites you but does no damage.
The ball python constricts you.
You hit the ball python.
You kill the ball python!
You have reached level 3!
Your experience leads to an increase in your attributes!
Increase (S)trength, (I)ntelligence, or (D)exterity?
You feel clever.
You see here a ball python corpse.
You butcher the ball python corpse.
h - 2 chunks of flesh (gained 1)
An adder comes into view.
An adder is nearby!
Attack whom?
Press: ? - help, Dir - move target cursor, f - adder
Aim: an adder You reach to attack!
You hit the adder. You hit the adder. The adder bites you.
You are poisoned.
The adder poisons you!
You barely miss the adder.
You feel sick. The adder closely misses you. The adder barely misses you.
You closely miss the adder. The adder bites you.
You feel sick. The adder bites you.
You are more poisoned.
The adder poisons you!
Casting: Infusion
Confirm with . or Enter, or press ? or * to list all spells.
You begin infusing your attacks with magical energy.
You feel sick. The adder bites you.
You are more poisoned.
The adder poisons you!
You closely miss the adder.
You feel sick. The adder barely misses you.
You hit the adder.
You feel sick. The adder closely misses you. x2
You miss the adder.
You feel sick. The adder bites you.
* * * LOW HITPOINT WARNING * * *
You closely miss the adder. The adder misses you.
You aren't carrying any potions.
You closely miss the adder.
* * * LOW HITPOINT WARNING * * *
You feel sick. The adder closely misses you.
As you read the scroll labeled ROOFETW KACA, it crumbles to dust.
You feel strangely unstable.
It was a scroll of teleportation.
Your magical infusion is running out.
* * * LOW HITPOINT WARNING * * *
You feel sick. The adder bites you.
* * * LOW HITPOINT WARNING * * *
You are more poisoned.
The adder poisons you!
You closely miss the adder.
You die...

#############
........S@..#
######.###.########
#...............#
#.#........####.#######
#...#####.## #...^.....
#.. #.# #..####### #..
#.####..####### #.#
#........รท.<... #.
######..#####.#


You could see an adder.

Vanquished Creatures
  2 dart slugs (D:1)
  2 ball pythons (D:2)
  2 giant cockroaches
  4 goblins (D:1)
  3 hobgoblins (D:1)
  2 bats (D:1)
  A frilled lizard (D:1)
  2 kobolds (D:1)
  5 rats (D:1)
23 creatures vanquished.

Notes
Turn   | Place    | Note
-------+----------+-------------------------------------------
     0 | D:1      | RKaid the Demonspawn Skald began the quest for the Orb.
     0 | D:1      | Reached XP level 1. HP: 16/16 MP: 3/3
   104 | D:1      | Reached skill level 2 in Polearms
   415 | D:1      | Gained mutation: You have a pair of small antennae on your head. [demonic ancestry]
   415 | D:1      | Reached XP level 2. HP: 18/22 MP: 5/5
   959 | D:1      | Reached skill level 3 in Charms
  1097 | D:1      | HP: 5/22 [hobgoblin/club (2)]
  1616 | D:2      | Reached XP level 3. HP: 28/28 MP: 6/6
  1637 | D:2      | HP: 6/28 [adder (5)]
  1640 | D:2      | HP: 1/28 [adder (3)]
  1641 | D:2      | Succumbed to an adder's poison

Skill      XL: |  1  2 |
---------------+-------+-----
Polearms       | 2 |  2.5
Charms         | 3 |  3.0
Fighting       | |  2.4
Armour         | |  0.8
Dodging        | |  1.7
Spellcasting   | |  2.0

Action                   || total
-------------------------++-------
Melee: Spear             ||   138
 Cast: Infusion          ||     3
  Use: Scroll            ||     1
  Eat: Chunk             ||     2
Armor: Leather armour    ||    31
Dodge: Dodged            ||    73

Table legend:
 A = Turns spent in this place as a percentage of turns spent in the entire game.
 B = Non-inter-level travel turns spent in this place as a percentage of non-inter-level travel turns spent in the entire game.
 C = Inter-level travel turns spent in this place as a percentage of turns spent in this place.
 D = Turns resting spent in this place as a percentage of non-inter-level travel turns spent in this place.
 E = Turns spent auto-exploring this place as a percentage of non-inter-level travel turns spent in this place.
 F = Non-inter-level travel turns spent in this place divided by the number of levels of this place that you've seen.
                   A       B       C       D       E      F
               +-------+-------+-------+-------+-------+----------------------
         Total | 100.0 | 100.0 |   0.3 |   7.0 |   9.1 | 164.0
       Dungeon | 100.0 | 100.0 |   0.3 |   7.0 |   9.1 | 164.0
               +-------+-------+-------+-------+-------+----------------------

Table legend:
 A = Kills in this place as a percentage of kills in entire the game.
 B = Kills by you in this place as a percentage of kills by you in the entire game.
 C = Kills by friends in this place as a percentage of kills by friends in the entire game.
 D = Other kills in this place as a percentage of other kills in the entire game.
 E = Experience gained in this place as a percentage of experience gained in the entire game.
 F = Experience gained in this place divided by the number of levels of this place that you have seen.
                   A       B       C       D       E      F
               +-------+-------+-------+-------+-------+----------------------
         Total | 100.0 | 100.0 |  -nan |  -nan | 100.0 |  20.5
       Dungeon | 100.0 | 100.0 |  -nan |  -nan | 100.0 |  20.5
               +-------+-------+-------+-------+-------+----------------------
